 Dungeon Crawl Stone Soup version 0.16.1-51-g6203257 (webtiles) character file.

295566 Miyamura the Warrior (level 20, -14/193 HPs)
             Began as a Black Draconian Berserker on July 9, 2015.
             Was a High Priest of Trog.
             Killed from afar by Margery (16 damage)
             ... with a fireball
             ... on level 2 of the Vaults on July 10, 2015.
             The game lasted 03:53:39 (53395 turns).

Miyamura the Warrior (Black Draconian Berserker)   Turns: 53395, Time: 03:53:39

Health: -14/193    AC: 21    Str: 20    XL:     20   Next: 6%
Magic:  35/35      EV: 34    Int:  8    God:    Trog [*****.]
Gold:   2499       SH: 16    Dex: 22    Spells: 0 memorised, 28 levels left

rFire  . . .     SeeInvis +     q - +10 broad axe of Triumph {elec, +Inv rF- rC+}
rCold  + + +     Rnd*Rage +     (armour unavailable)
rNeg   + . .     SustAb   +     s - +2 shield {reflect}
rPois  +         Gourm    .     (helmet restricted)
rElec  +         Spirit   .     h - +1 cloak
rCorr  .         Warding  .     M - +4 pair of gloves of Intercession {rElec MR+ Str-3}
rMut   .         Stasis   .     C - +2 pair of boots {run}
MR     +++++                    B - amulet "Syttohuu" {rPois rC+ rN+ Regen+ Int-4 SInv}
Stlth  ++++++....               D - ring of sustain abilities
                                T - ring of Icastrich {rF+ rC++ MR+ MP+9 Str-2 Dex+4}

@: mighty, agile, about to teleport, very slightly contaminated, regenerating,
hasted, very quick, almost entirely resistant to hostile enchantments, very
stealthy
A: breathe lightning, able to fly continuously, unfitting armour, big wings,
berserk 1, deterioration 1, dopey 1, low mp 1, sense surroundings 1, poison
resistance, screaming 1, shaggy fur 1, electricity resistance, wild magic 2,
cold-blooded, MP-powered wands 1, AC +10
a: Breathe Lightning, Fly, Burn Spellbooks, Berserk, Trog's Hand, Brothers in
Arms, Renounce Religion, Evoke Invisibility
}: 2/15 runes: barnacled, gossamer


You were on level 2 of the Vaults.
You worshipped Trog.
Trog was extremely pleased with you.
You were hungry.

You visited 8 branches of the dungeon, and saw 41 of its levels.
You visited the Abyss 1 time.
You visited 1 bazaar.
You also visited: Ice Cave and Volcano.

You collected 4961 gold pieces.
You spent 1579 gold pieces at shops.

Inventory:

Hand weapons
 q - the +10 broad axe of Triumph (weapon) {elec, +Inv rF- rC+}
   (Trog gifted it to you on level 3 of the Elven Halls)

   Occasionally, upon striking a foe, it will discharge some electrical energy
   and cause terrible harm.
   It makes you vulnerable to fire.
   It protects you from cold.
   It lets you turn invisible.
 I - the +8 hand axe of a bailey {vamp, rF+}
   (You found it on level 6 of the Dungeon)

   It inflicts no extra harm, but heals its wielder somewhat when it strikes a
   living foe.
   It protects you from fire.
 R - the +7 war axe "Gikh" {flame, rF+ Stlth+}
   (You bought it in a shop on level 4 of the Orcish Mines)

   It has been specially enchanted to burn those struck by it, causing extra
   injury to most foes and up to half again as much damage against particularly
   susceptible opponents.
   Big, fiery blades are also staple armaments of hydra-hunters.
   It protects you from fire.
   It makes you more stealthy.
Armour
 h - a +1 cloak (worn)
 s - a +2 shield of reflection (worn)
 C - a +2 pair of boots of running (worn)
 M - the +4 pair of gloves of Intercession (worn) {rElec MR+ Str-3}
   (You bought it in a shop in a bazaar)

   It affects your strength (-3).
   It insulates you from electricity.
   It affects your resistance to hostile enchantments.
Jewellery
 t - an uncursed amulet of stasis
 B - the amulet "Syttohuu" (around neck) {rPois rC+ rN+ Regen+ Int-4 SInv}
   (You found it on level 3 of the Elven Halls)

   [amulet of regeneration]

   It affects your intelligence (-4).
   It protects you from cold.
   It protects you from poison.
   It protects you from negative energy.
   It enhances your eyesight.
   It increases your rate of regeneration.
 D - a ring of sustain abilities (right hand)
 F - an uncursed amulet of warding
 T - the ring of Icastrich (left hand) {rF+ rC++ MR+ MP+9 Str-2 Dex+4}
   (You bought it in a shop on level 4 of the Orcish Mines)

   [ring of dexterity]

   It affects your strength (-2).
   It affects your dexterity (+4).
   It protects you from fire.
   It greatly protects you from cold.
   It affects your resistance to hostile enchantments.
   It affects your magic capacity (+9).
 U - an uncursed ring of teleportation
 Z - an uncursed amulet of resist mutation
Magical devices
 g - a wand of lightning (7)
 m - a wand of digging (10)
 o - a wand of teleportation (1)
 E - a wand of draining (3)
 N - a wand of disintegration (11)
 X - a wand of cold (4)
 Y - a wand of fire (3)
Scrolls
 p - 14 scrolls of remove curse
 r - a scroll of identify
 x - 2 scrolls of brand weapon
 J - a scroll of magic mapping
 Q - 3 scrolls of fog
Potions
 d - 8 potions of magic
 f - 3 potions of agility
 i - 4 potions of curing
 k - 7 potions of restore abilities
 v - 2 potions of cancellation
 z - 3 potions of might
 G - 6 potions of brilliance
 H - 4 potions of haste
 O - a potion of invisibility
Miscellaneous
 e - an ornate deck of changes {Fortitude, drawn: 2}
 n - an ornate deck of changes {the Alchemist}
 u - a sack of spiders
 S - a fan of gales
Comestibles
 a - 22 fruits
 c - 12 bread rations
 j - a meat ration
 l - a royal jelly
 w - 3 chunks of flesh


   Skills:
 + Level 19.7 Fighting
 + Level 17.8 Axes
 + Level 16.6 Dodging
 - Level 12.0 Stealth
 + Level 14.0 Shields
 - Level 4.8 Spellcasting


You had 28 spell levels left.
You didn't know any spells.

Dungeon Overview and Level Annotations

Branches:
Dungeon (13/15)            Temple (1/1) D:5            Lair (8/8) D:11
 Shoals (5/5) Lair:3       Spider (5/5) Lair:3        Slime (0/6) Lair:6
    Orc (4/4) D:12            Elf (3/3) Orc:3        Vaults (2/5) D:13
  Crypt: Vaults:2-3

Altars:
Ashenzari
Cheibriados
Dithmenos
Elyvilon
Fedhas
Gozag
Kikubaaqudgha
Makhleb
Nemelex Xobeh
Okawaru
Qazlal
Ru
Sif Muna
Trog
Vehumet
Xom
Yredelemnul
Zin
The Shining One
Jiyva

Shops:
D:4 *   Orc:1 (   Orc:4 (([=*   Elf:3 }

Portals:
Hell: Lair:8

Annotations:
Vaults:2 Margery


Innate Abilities, Weirdness & Mutations

You can breathe wild blasts of lightning.
You can fly continuously.
Your glossy black scales are hard (AC +10).
Your body does not fit into most forms of armour.
Your wings are large and strong.
You are resistant to electric shocks.
Your cold-blooded metabolism reacts poorly to cold.
You tend to lose your temper in combat.
Your body is slowly deteriorating.
You are dopey. (Int -2)
Your magical capacity is low (-10% MP).
You passively map a small area around you.
Your system is resistant to poisons.
You occasionally shout uncontrollably at your foes.
You are covered in fur (AC +1).
Your spells are harder to cast, but more powerful.
You expend magic power (3 MP) to slightly strengthen your wands.


Message History

You feel very mighty all of a sudden. Margery gestures at you while chanting.
The fireball explodes!
The fireball engulfs you!
* * * LOW HITPOINT WARNING * * *
Margery casts a spell at you.
The fireball explodes!
The fireball engulfs you!
* * * LOW HITPOINT WARNING * * *
You hear a shout!
Read which item? (? for menu, Esc to quit)
Okay, then.
Drink which item? (? for menu, Esc to quit)
Okay, then.
Read which item? (? for menu, Esc to quit)
Okay, then.
Read which item? (? for menu, Esc to quit)
As you read the scroll of teleportation, it crumbles to dust.
You feel strangely unstable. Margery gestures at you while chanting.
The fireball explodes!
The fireball engulfs you!
You die...

# , , , # , , , , # , ** , *
# * * , + # , * , , # , ,
##### , , , ,
....################+#######
*
....'.........@.@.s.........,
,
....#.......................
....#......................
....#......................
....#......................
....#.....##########+#####
....#=....# .. * ,
....#.....# ....#.....#


You could see Margery and a wolf spider.

Vanquished Creatures
  Saint Roka (Vaults:2)
  An Ice Fiend (IceCv)
  2 deep elf blademasters (Elf:3)
  2 krakens
  2 deep elf master archers (Elf:3)
  A tentacled starspawn (Abyss:1)
  Agnes (Spider:2)
  A revenant (Abyss:1)
  Ilsuiw (Shoals:3)
  A vault warden (Vaults:1)
  5 emperor scorpions
  Louise (Spider:5)
  10 deep elf sorcerers
  4 ghost moths (Spider:5)
  Azrael (Elf:1)
  A dire elephant (Lair:8)
  11 deep elf annihilators
  5 deep elf demonologists
  The ghost of Eldradd the Carver, a powerful HOFi of Beogh (Elf:1)
  6 merfolk javelineers
  11 merfolk impalers
  7 deep elf death magi (Elf:3)
  2 fire dragons
  Harold (Orc:4)
  5 deep elf high priests (Elf:3)
  5 hydras
  7 merfolk aquamancers
  5 merfolk avatars
  An alligator snapping turtle (Shoals:5)
  17 dancing weapons
  A tengu warrior (D:13)
  A satyr (Shoals:4)
  4 death yaks
  Urug (D:13)
  5 orc high priests
  A sun demon (Lair:8)
  A thrashing horror (Abyss:1)
  18 deep elf knights
  5 ice devils (IceCv)
  A wretched star (Abyss:1)
  5 slime creatures
  4 hell knights (Vaults:2)
  A spatial maelstrom (Abyss:1)
  2 unseen horrors
  Erolcha (D:9)
  An ice statue (IceCv)
  11 deep elf summoners
  3 hill giants
  A wizard (Lair:8)
  12 sea snakes
  26 wolf spiders
  3 ugly things
  19 deep elf conjurers
  24 harpies
  3 orc sorcerers
  14 orb spiders
  16 elephants
  12 griffons
  11 fauns
  2 moths of wrath
  6 water nymphs
  5 black mambas
  9 hornets
  3 cyclopes
  11 manticores
  Maurice (D:9)
  A worldbinder (Abyss:1)
  11 sirens
  A guardian serpent (shapeshifter) (Elf:3)
  3 drowned souls
  A gargoyle (D:13)
  11 spiny frogs
  2 orange demons
  A sixfirhy (Lair:8)
  A torpor snail (Spider:5)
  A vault sentinel (Vaults:1)
  A smoke demon (Abyss:1)
  13 komodo dragons
  A queen ant (Lair:4)
  3 anaconda simulacra (IceCv)
  The ghost of Scuka the Basher, an experienced GrFi (D:5)
  An elf (shapeshifter) (Elf:1)
  15 demonic crawlers
  3 yaktaurs (Vaults:1)
  A tengu conjurer (D:13)
  A hellwing (Lair:8)
  11 fire drakes
  4 red devils (Lair:8)
  17 jumping spiders
  5 blue devils
  14 deep elf priests
  A wind drake (Shoals:3)
  6 trolls
  42 merfolk
  2 polar bears
  2 freezing wraiths (IceCv)
  14 blink frogs
  3 ravens (D:13)
  3 raiju (Abyss:1)
  A wolf spider simulacrum (IceCv)
  2 large abominations
  3 boulder beetles
  42 redbacks
  11 snapping turtles
  14 water elementals
  6 fire elementals
  6 wyverns
  7 basilisks
  24 tarantellas
  A ynoxinul (Elf:3)
  25 trapdoor spiders
  29 yaks
  A shadow (D:11)
  Eustachio (D:10)
  5 wandering mushrooms (Lair:8)
  2 chaos spawn
  Grum (D:13)
  35 deep elf magi
  5 fire bats
  A neqoxec (Orc:4)
  4 wargs
  2 spatial vortices (Abyss:1)
  24 hippogriffs
  48 deep elf fighters
  6 soldier ants (Lair:4)
  An iron troll simulacrum (IceCv)
  2 hungry ghosts
  10 wolves
  5 harpy simulacra (IceCv)
  5 hydra simulacra (IceCv)
  3 mottled dragons
  6 hell hounds
  12 porcupines
  21 water moccasins
  11 ice beasts
  33 spiders
  A necrophage (D:13)
  An ettin simulacrum (IceCv)
  10 centaurs
  23 orc warriors
  7 ogres
  3 eyes of draining
  A big kobold (D:9)
  24 crocodiles
  3 phantoms
  A wasp (Spider:2)
  A boring beetle (Lair:6)
  Sigmund (D:3)
  5 sky beasts
  18 giant frogs
  A gnoll sergeant (D:8)
  2 small abominations (Abyss:1)
  5 scorpions
  A swamp dragon simulacrum (IceCv)
  23 killer bees
  15 wights
  5 electric eels
  2 quasits (D:10)
  4 crimson imps
  A giant frog zombie (D:8)
  A draconian simulacrum (IceCv)
  2 goliath beetles
  4 jellies
  5 centaur skeletons
  A centaur zombie (D:5)
  45 orc wizards
  Crazy Yiuf (D:2)
  41 orc priests
  2 giant frog skeletons (D:11)
  10 iguanas
  17 hounds
  Natasha (D:3)
  2 spriggan simulacra (IceCv)
  36 worker ants
  11 hell rats
  2 troll simulacra (IceCv)
  2 wolf simulacra (IceCv)
  Ijyb (D:3)
  Jessica (D:3)
  A centaur simulacrum (IceCv)
  9 sheep
  3 worker ant zombies
  A naga simulacrum (IceCv)
  8 gnolls
  20 adders
  31 river rats
  5 shadow imps
  6 white imps (IceCv)
  3 giant mites
  4 ogre simulacra (IceCv)
  10 worms
  3 ufetubi (IceCv)
  2 adder skeletons
  4 giant geckos
  An ooze (D:7)
  196 orcs
  17 bats
  3 bat zombies
  7 giant cockroaches
  23 hobgoblins
  10 jackals
  23 kobolds
  4 quokkas
  A ball python (D:3)
  A giant cockroach zombie (D:6)
  A giant gecko skeleton (D:5)
  7 giant newts
  A giant spore (D:6)
  23 goblins
  A jackal skeleton (D:5)
  A jackal zombie (D:6)
  17 rats
  2 ballistomycetes (D:6)
  A butterfly (D:5)
  2 crawling corpses (Elf:1)
  4 fungi
  A plant (Shoals:5)
  A starspawn tentacle (Abyss:1)
  2 tentacles (Shoals:2)
1778 creatures vanquished.

Vanquished Creatures (collateral kills)
  The ghost of SaintRoka the Unseen, a mighty DDAs of Dithmenos (Spider:5)
  An emperor scorpion (Spider:4)
  2 slime creatures (D:12)
  A deep elf demonologist (Elf:3)
  A deep elf annihilator (Elf:3)
  A deep elf high priest (Elf:3)
  3 hydras
  3 orb spiders
  A deep elf conjurer (Elf:1)
  2 wolf spiders
  A water nymph (Shoals:3)
  A demonic crawler (Spider:5)
  A wandering mushroom (Lair:8)
  A boulder beetle (Spider:5)
  3 redbacks (Spider:2)
  A trapdoor spider (Spider:2)
  2 spiders (Spider:5)
  A boring beetle (Spider:4)
  A crocodile (Lair:8)
  A wyvern skeleton (D:12)
  An adder (Lair:8)
  3 river rats (Lair:6)
33 creatures vanquished.

Vanquished Creatures (others)
  A monstrous demonspawn (Spider:2)
  A deep elf high priest (Elf:3)
  24 drowned souls
  A black bear (Lair:8)
  2 lost souls (Elf:3)
  An ogre (Lair:8)
  A crimson imp (D:7)
  A hell rat (Elf:1)
  An ufetubus (IceCv)
  An orc (D:6)
  A giant spore (D:7)
  A rat (D:7)
  3 bushes
  A butterfly (D:4)
  13 fungi
  17 plants
  2 starspawn tentacles (Abyss:1)
  52 starspawn tentacle segments (Abyss:1)
  6 tentacles
  24 tentacle segments (Shoals:2)
154 creatures vanquished.

Grand Total: 1965 creatures vanquished

Notes
Turn   | Place    | Note
--------------------------------------------------------------
     0 | D:1      | Miyamura, the Draconian Berserker, began the quest for the Orb.
     0 | D:1      | Reached XP level 1. HP: 19/19 MP: 1/1
   283 | D:1      | Reached XP level 2. HP: 16/26 MP: 2/2
   482 | D:1      | Reached skill level 1 in Stealth
   909 | D:2      | Acquired Trog's second power
  1005 | D:2      | Reached skill level 4 in Fighting
  1005 | D:2      | Reached XP level 3. HP: 26/33 MP: 3/3
  1543 | D:2      | Noticed Crazy Yiuf
  1554 | D:2      | Killed Crazy Yiuf
  1554 | D:2      | Reached XP level 4. HP: 12/40 MP: 4/4
  2227 | D:3      | Noticed Jessica
  2237 | D:3      | Killed Jessica
  2401 | D:3      | Reached XP level 5. HP: 47/47 MP: 5/5
  2440 | D:3      | Noticed Ijyb
  2473 | D:3      | Killed Ijyb
  2723 | D:3      | Noticed Natasha
  3084 | D:3      | Found a glowing golden altar of the Shining One.
  3249 | D:3      | Noticed Sigmund
  3272 | D:3      | Killed Sigmund
  3272 | D:3      | Reached XP level 6. HP: 35/55 MP: 6/6
  3494 | D:3      | Reached skill level 5 in Fighting
  3714 | D:4      | Found a bloodstained altar of Trog.
  4116 | D:4      | Your scales start taking on a glossy black colour.
  4116 | D:4      | Gained mutation: You are resistant to electric shocks. [draconian maturity]
  4116 | D:4      | Reached XP level 7. HP: 28/61 MP: 7/7
  4275 | D:4      | Found Kahiniab's Assorted Antiques.
  4589 | D:4      | Reached skill level 5 in Axes
  4596 | D:4      | Found a radiant altar of Vehumet.
  4597 | D:4      | Found an opulent altar of Gozag.
  4801 | D:4      | Bought a scroll labeled PSYD STREMIAJO for 31 gold pieces
  4801 | D:4      | Bought a runed buckler for 139 gold pieces
  5128 | D:5      | Entered Level 5 of the Dungeon
  5128 | D:5      | Found a staircase to the Ecumenical Temple.
  5136 | Temple   | Entered the Ecumenical Temple
  5264 | D:5      | Noticed Scuka's ghost (experienced GrFi)
  5277 | D:5      | Killed Scuka's ghost
  5277 | D:5      | Reached skill level 6 in Fighting
  5277 | D:5      | Reached skill level 1 in Shields
  5406 | D:5      | Reached XP level 8. HP: 50/70 MP: 8/8
  6223 | D:5      | Gained mutation: You passively map a small area around you. [mutagenic meat]
  6302 | D:5      | Reached skill level 5 in Dodging
  6556 | D:6      | Found a blossoming altar of Fedhas.
  6706 | D:3      | Killed Natasha
  6834 | D:6      | Reached skill level 5 in Stealth
  6835 | D:6      | Found a deep blue altar of Sif Muna.
  6988 | D:6      | Acquired Trog's third power
  7012 | D:6      | Found a bloodstained altar of Trog.
  7026 | D:6      | Reached skill level 7 in Fighting
  7152 | D:6      | Reached XP level 9. HP: 79/79 MP: 9/9
  7200 | D:6      | Got a crystal hand axe
  7208 | D:6      | Identified the +8 hand axe of a bailey {vamp, rF+} (You found it on level 6 of the Dungeon)
  7679 | D:7      | Gained mutation: Your magical capacity is low (-10% MP). [mutagenic meat]
  7680 | D:7      | Gained mutation: Your body is slowly deteriorating. [mutagenic meat]
  7745 | D:7      | Reached skill level 9 in Fighting
  7745 | D:7      | Reached XP level 10. HP: 83/91 MP: 9/9
  7748 | D:7      | Gained mutation: Your system is resistant to poisons. [potion of beneficial mutation]
  8195 | D:7      | Found a snail-covered altar of Cheibriados.
  8291 | D:7      | Found a basalt altar of Yredelemnul.
  8300 | D:7      | Found a sacrificial altar of Ru.
  8727 | D:8      | Gained mutation: Your spells are a little harder to cast, but a little more powerful. [mutagenic meat]
  8821 | D:8      | Found a white marble altar of Elyvilon.
  8917 | D:8      | Found a sparkling altar of Nemelex Xobeh.
  9215 | D:8      | Received a gift from Trog
  9369 | D:9      | Noticed Erolcha
  9382 | D:9      | Killed Erolcha
  9382 | D:9      | Reached skill level 10 in Fighting
  9538 | D:9      | Reached XP level 11. HP: 99/99 MP: 9/9
  9585 | D:9      | Noticed Maurice
  9646 | D:9      | Killed Maurice
 10021 | D:9      | Noticed an unseen horror
 10029 | D:9      | Found a runed door.
 10043 | D:9      | Killed an unseen horror
 10111 | D:10     | Entered Level 10 of the Dungeon
 10111 | D:10     | Noticed Eustachio
 10120 | D:10     | Killed Eustachio
 10351 | D:10     | Found a shimmering altar of Xom.
 10572 | D:10     | Gained mutation: You occasionally shout uncontrollably at your foes. [potion of mutation]
 10572 | D:10     | Gained mutation: You are frail (-10% HP). [potion of mutation]
 10582 | D:10     | Received a gift from Trog
 11121 | D:11     | Found a staircase to the Lair.
 11188 | D:11     | Gained mutation: Your wings are large and strong. [mutagenic meat]
 11189 | D:11     | Gained mutation: You are dopey. (Int -2) [mutagenic meat]
 11191 | D:11     | Lost mutation: You are frail (-10% HP). [mutagenic meat]
 11394 | D:11     | Reached skill level 10 in Axes
 11399 | D:11     | Reached skill level 11 in Fighting
 11420 | D:11     | Found a flickering gateway to a bazaar.
 11425 | Bazaar   | Entered a bazaar
 11425 | Bazaar   | Found Cepoek's Jewellery Boutique.
 11425 | Bazaar   | Found Graph's Gadget Shoppe.
 11425 | Bazaar   | Found Gamulam's Distillery.
 11426 | Bazaar   | Found Cleopep's Antique Armour Shoppe.
 11427 | Bazaar   | Found Nelad's Magic Scroll Shop.
 11427 | Bazaar   | Found Through's Magic Scroll Emporium.
 11527 | Bazaar   | Bought a scroll of magic mapping for 42 gold pieces
 11532 | Bazaar   | Bought a scroll of magic mapping for 49 gold pieces
 11535 | Bazaar   | Bought a pair of translucent gloves for 209 gold pieces
 11540 | Bazaar   | Identified the +4 pair of gloves of Intercession {rElec MR+ Str-3} (You bought it in a shop in a bazaar)
 11967 | D:12     | Noticed a six-headed hydra
 11981 | D:12     | Killed a 15-headed hydra
 12193 | D:12     | Reached skill level 10 in Stealth
 12263 | D:12     | Noticed an unseen horror
 12268 | D:12     | Killed an unseen horror
 12268 | D:12     | Reached XP level 12. HP: 95/110 MP: 10/10
 12787 | D:12     | Received a gift from Trog
 12858 | D:12     | Found a staircase to the Orcish Mines.
 12919 | D:12     | Noticed a six-headed hydra
 13010 | D:12     | Killed a six-headed hydra
 13217 | Orc:1    | Entered Level 1 of the Orcish Mines
 13572 | Orc:3    | Found a white marble altar of Elyvilon.
 13690 | Orc:3    | Received a gift from Trog
 13691 | Orc:3    | Got a dazzling broad axe {god gift}
 13693 | Orc:3    | Identified the -2 broad axe of the Depths {flame, Str-3 Dex+10} (Trog gifted it to you on level 3 of the Orcish Mines)
 13819 | Orc:3    | Reached skill level 10 in Dodging
 13830 | Orc:3    | Reached skill level 12 in Fighting
 14429 | Orc:1    | Received a gift from Trog
 14671 | Orc:1    | Found Clamoc's Antique Weapon Boutique.
 14678 | Orc:1    | Bought a scorched falchion for 136 gold pieces
 14678 | Orc:1    | Identified the cursed +3 falchion of a ziggurat {distort, MP-9 Str+2 Int+3} (You bought it in a shop on level 1 of the Orcish Mines)
 14681 | Orc:1    | Cast into the Abyss (a distortion unwield)
 14681 | Abyss:1  | Found a corrupted altar of Lugonu.
 14707 | Abyss:1  | Noticed a revenant
 14717 | Abyss:1  | Killed a revenant
 14883 | Abyss:1  | Identified the Compendium of Scorching Conjuration
 14967 | Abyss:1  | Received a gift from Trog
 15041 | Abyss:1  | Noticed a tentacled starspawn
 15050 | Abyss:1  | Reached XP level 13. HP: 51/119 MP: 9/9
 15051 | Abyss:1  | Killed a tentacled starspawn
 15140 | Orc:1    | Escaped the Abyss
 15141 | Orc:1    | Gained mutation: You are clumsy. (Dex -2) [mutagenic glow]
 15656 | Orc:3    | Found a staircase to the Elven Halls.
 15720 | Orc:4    | Entered Level 4 of the Orcish Mines
 15823 | Orc:4    | Noticed Harold
 15846 | Orc:4    | Killed Harold
 16176 | Orc:4    | Found Afaar's Antique Weapon Shoppe.
 16176 | Orc:4    | Found Cuethial's Antique Armour Emporium.
 16177 | Orc:4    | Found Omuarawa's Jewellery Emporium.
 16235 | Orc:4    | Received a gift from Trog
 16391 | Orc:4    | Found Mnaang's Antique Weapon Shoppe.
 16436 | Orc:4    | Bought a brightly glowing war axe for 255 gold pieces
 16436 | Orc:4    | Identified the +7 war axe "Gikh" {flame, rF+ Stlth+} (You bought it in a shop on level 4 of the Orcish Mines)
 16440 | Orc:4    | Bought the ring of Icastrich {rF+ rC++ MR+ MP+9 Str-2 Dex+4} for 718 gold pieces
 16486 | Orc:4    | Found Udwok's Off-Brand Ammunition.
 17043 | Lair:1   | Entered Level 1 of the Lair of Beasts
 17273 | Lair:1   | Reached skill level 13 in Fighting
 17405 | Lair:1   | Found a sacrificial altar of Ru.
 17993 | Lair:2   | Found a dark tunnel.
 18093 | Volcano  | Entered a volcano
 18122 | Volcano  | Reached skill level 1 in Spellcasting
 19467 | Lair:3   | Found a hole to the Spider Nest.
 19488 | Lair:3   | Found a staircase to the Shoals.
 19657 | Lair:3   | Got a twisted rapier
 19667 | Lair:3   | Mutation became permanent: Your wings are large and strong. [draconian growth]
 19667 | Lair:3   | Reached XP level 14. HP: 129/129 MP: 18/18
 20443 | Lair:4   | Received a gift from Trog
 21304 | Lair:5   | Reached skill level 14 in Fighting
 21792 | Lair:5   | Identified the +2 rapier of Shrieking Terror {pierce, rF+} (You found it on level 3 of the Lair of Beasts)
 22502 | Lair:6   | Identified a scroll of acquirement
 22601 | Lair:6   | Found a viscous altar of Jiyva.
 22602 | Lair:6   | Found a staircase to the Slime Pits.
 24370 | Lair:7   | Reached XP level 15. HP: 117/139 MP: 23/23
 24499 | Lair:8   | Entered Level 8 of the Lair of Beasts
 24699 | Lair:8   | Reached skill level 5 in Shields
 25487 | Lair:8   | Found a burning altar of Makhleb.
 25517 | Lair:8   | Received a gift from Trog
 26495 | Lair:8   | Reached skill level 15 in Fighting
 26667 | Lair:8   | Found a gateway to Hell.
 27299 | Spider:1 | Entered Level 1 of the Spider Nest
 29405 | Spider:2 | Noticed Agnes
 29407 | Spider:2 | Hired Teupol the monstrous demonspawn for 883 gold.
 29416 | Spider:2 | Killed Agnes
 29838 | Spider:2 | Your ally Teupol died
 31366 | Spider:3 | Received a gift from Trog
 31488 | Spider:3 | Reached XP level 16. HP: 151/151 MP: 24/24
 32449 | Spider:5 | Entered Level 5 of the Spider Nest
 32803 | Spider:5 | Reached skill level 16 in Fighting
 33087 | Spider:5 | Received a gift from Trog
 33431 | Spider:5 | Noticed SaintRoka's ghost (mighty DDAs)
 34211 | Spider:5 | Noticed Louise
 34241 | Spider:5 | Killed Louise
 34291 | Spider:5 | Killed SaintRoka's ghost
 34528 | Spider:5 | Reached skill level 15 in Axes
 34767 | Spider:5 | Received a gift from Trog
 35964 | Spider:5 | Got a gossamer rune of Zot
 36215 | Shoals:1 | Entered Level 1 of the Shoals
 36747 | Shoals:1 | Reached XP level 17. HP: 160/160 MP: 24/24
 36754 | Shoals:1 | Gained mutation: You expend magic power (3 MP) to slightly strengthen your wands. [potion of mutation]
 36754 | Shoals:1 | Lost mutation: You are clumsy. (Dex -2) [potion of mutation]
 36755 | Shoals:1 | Lost mutation: Your spells are a little harder to cast, but a little more powerful. [potion of mutation]
 36755 | Shoals:1 | Gained mutation: You are covered in fur (AC +1). [potion of mutation]
 37443 | Shoals:2 | Reached skill level 17 in Fighting
 37443 | Shoals:2 | Reached skill level 10 in Shields
 38227 | Shoals:3 | Noticed Ilsuiw
 38277 | Shoals:3 | Killed Ilsuiw
 38288 | Shoals:3 | Received a gift from Trog
 39385 | Shoals:3 | HP: 4/162 [merfolk javelineer/spear of pain (7)]
 39813 | Shoals:3 | Received a gift from Trog
 40277 | Shoals:4 | Found a frozen archway.
 40340 | IceCv    | Entered an ice cave
 40485 | IceCv    | Identified the Papyrus of Superiority
 40951 | IceCv    | Noticed an Ice Fiend
 40997 | IceCv    | Killed an Ice Fiend
 40997 | IceCv    | Reached skill level 15 in Dodging
 41002 | IceCv    | Reached XP level 18. HP: 83/171 MP: 25/25
 41122 | IceCv    | Got a pair of spiked boots
 41133 | IceCv    | Identified the +3 pair of boots "Prixal" {rF+} (You found it in an ice cave)
 41152 | IceCv    | Identified a +0 pair of boots of running (You found it in an ice cave)
 41496 | Shoals:4 | Gained mutation: You tend to lose your temper in combat. [potion of mutation]
 41690 | Shoals:5 | Entered Level 5 of the Shoals
 42308 | Shoals:5 | Gained mutation: Your spells are a little harder to cast, but a little more powerful. [potion of beneficial mutation]
 42519 | Shoals:5 | Reached skill level 18 in Fighting
 43536 | Shoals:5 | Got a barnacled rune of Zot
 44396 | Elf:1    | Entered Level 1 of the Elven Halls
 44634 | Elf:1    | Noticed Eldradd's ghost (powerful HOFi)
 44671 | Elf:1    | Killed Eldradd's ghost
 44729 | Elf:1    | Noticed Azrael
 44736 | Elf:1    | Received a gift from Trog
 44783 | Elf:1    | Killed Azrael
 44901 | Elf:1    | Gained mutation: You are clumsy. (Dex -2) [a cacodemon]
 45640 | Elf:2    | Received a gift from Trog
 46082 | Elf:2    | Found a huge runed gate.
 46082 | Elf:2    | Found a huge runed gate.
 46082 | Elf:2    | Found a huge runed gate.
 46083 | Elf:2    | Found a huge runed gate.
 46085 | Elf:2    | Found a huge runed gate.
 46962 | Elf:2    | Reached XP level 19. HP: 179/181 MP: 26/26
 47625 | Elf:2    | Received a gift from Trog
 47850 | Elf:3    | Entered Level 3 of the Elven Halls
 48046 | Elf:3    | Found a deep blue altar of Sif Muna.
 48586 | Elf:3    | Found Moum Att's Gadget Emporium.
 48613 | Elf:3    | Got a vibrating amethyst amulet
 48865 | Elf:3    | Received a gift from Trog
 48879 | Elf:3    | Reached skill level 19 in Fighting
 49105 | Elf:3    | Got a warped lead ring
 49174 | Elf:3    | Identified the amulet "Syttohuu" {rPois rC+ rN+ Regen+ Int-4 SInv} (You found it on level 3 of the Elven Halls)
 49180 | Elf:3    | Identified the ring "Qasynixt" {-Cast +Inv rElec rC+ Str+5 Int-2} (You found it on level 3 of the Elven Halls)
 49191 | Elf:3    | Got a twitching platinum ring
 49192 | Elf:3    | Identified the ring "Viamee" {-Cast rF+ Str+2 Dex+3} (You found it on level 3 of the Elven Halls)
 49211 | Elf:3    | Got a transparent hand crossbow
 49212 | Elf:3    | Identified the +11 hand crossbow of Inconvenience {freeze, MR+} (You found it on level 3 of the Elven Halls)
 49232 | Elf:3    | Identified the Handbook of Subjectivity
 49234 | Elf:3    | Identified the Almanac of Gliding Evil Arts
 49242 | Elf:3    | Identified the Incunabulum of Warped Combat Magic (You found it on level 3 of the Elven Halls)
 50492 | Elf:3    | Received a gift from Trog
 50916 | Elf:3    | Got a jewelled broad axe {god gift}
 50918 | Elf:3    | Identified the +10 broad axe of Triumph {elec, +Inv rF- rC+} (Trog gifted it to you on level 3 of the Elven Halls)
 52324 | D:13     | Noticed Grum
 52343 | D:13     | Killed Grum
 52490 | D:13     | Noticed Urug
 52498 | D:13     | Killed Urug
 52503 | D:13     | Gained mutation: Your spells are harder to cast, but more powerful. [mutagenic meat]
 52506 | D:13     | Received a gift from Trog
 52562 | D:13     | Found a gate to the Vaults.
 52945 | D:13     | Lost mutation: You are clumsy. (Dex -2) [mutagenic meat]
 53057 | Vaults:1 | Entered Level 1 of the Vaults
 53274 | Vaults:1 | You fall through a shaft!
 53290 | Vaults:2 | Noticed Saint Roka
 53307 | Vaults:2 | Killed Saint Roka
 53307 | Vaults:2 | Reached XP level 20. HP: 193/193 MP: 26/26
 53345 | Vaults:2 | Noticed Margery
 53394 | Vaults:2 | HP: 1/193 [Margery/fireball (55)]
 53395 | Vaults:2 | Killed from afar by Margery

Action                   |  1- 3 |  4- 6 |  7- 9 | 10-12 | 13-15 | 16-18 | 19-21 || total
-------------------------+-------+-------+-------+-------+-------+-------+-------++-------
Melee: Hand axe          |   119 |   237 |   357 |   397 |  2139 |  3013 |   716 ||  6978
       War axe           |       |       |    70 |   541 |   406 |   248 |    75 ||  1340
       Broad axe         |       |       |       |       |       |       |   183 ||   183
Invok: Berserk           |     2 |     1 |     5 |     6 |     8 |    20 |     5 ||    47
       Trog's Hand       |     1 |     4 |     8 |    13 |    18 |    18 |    10 ||    72
       Brothers in Arms  |       |       |       |     1 |     5 |     4 |     2 ||    12
 Abil: Breathe Lightning |       |       |     5 |     1 |     8 |     5 |       ||    19
       Fly               |       |       |       |     1 |     1 |       |       ||     2
       Stop Flying       |       |       |       |       |       |       |     1 ||     1
Evoke: Wand              |       |       |     1 |       |    15 |     9 |     9 ||    34
       Deck              |       |       |       |       |     2 |       |       ||     2
       Fan of gales      |       |       |       |       |       |     1 |       ||     1
  Use: Scroll            |     6 |     5 |     8 |    14 |    23 |    36 |    13 ||   105
       Potion            |       |       |     3 |    13 |     3 |    11 |     6 ||    36
 Stab: Distracted        |     1 |       |     2 |     2 |     3 |    10 |     2 ||    20
       Sleeping          |       |     2 |     2 |    17 |    39 |    16 |     8 ||    84
  Eat: Chunk             |     3 |     5 |    20 |    25 |    39 |    44 |    16 ||   152
       Beef jerky        |       |     1 |     1 |     1 |     2 |     3 |       ||     8
       Meat ration       |       |     1 |     1 |     2 |     2 |     5 |     2 ||    13
       Pizza             |       |       |       |     2 |       |     5 |     2 ||     9
       Royal jelly       |       |       |       |       |     7 |     2 |     3 ||    12
       Bread ration      |       |       |       |       |     4 |     5 |     2 ||    11
       Fruit             |       |       |       |       |     2 |     1 |     3 ||     6
